 Dungeon Crawl Stone Soup version 0.17-a0-2064-g265a032 (webtiles) character file.

256 tp1 the Conjurer (level 5, -2/28 HPs)
             Began as a Deep Elf Conjurer on Oct 11, 2015.
             Killed by divine providence
             ... invoked by an orc priest
              (13 damage)
             ... on level 4 of the Dungeon on Oct 12, 2015.
             The game lasted 00:22:54 (4126 turns).

tp1 the Conjurer (Deep Elf Conjurer)                Turns: 4126, Time: 00:22:54

Health: -2/28      AC:  5    Str:  5    XL:     5   Next: 92%
Magic:  2/14       EV: 11    Int: 21    God:
Gold:   3          SH:  3    Dex: 15    Spells: 1 memorised, 13 levels left

rFire  . . .     SeeInvis .     k - +1 hunting sling (flame)
rCold  . . .     Clarity  .     n - +0 leather armour
rNeg   . . .     SustAt   .     f - +0 buckler (curse)
rPois  .         Gourm    .     d - +0 helmet
rElec  .         Spirit   .     (no cloak)
rCorr  .         Warding  .     j - +0 pair of gloves
rMut   .         Stasis   .     (no boots)
MR     .....                    (no amulet)
Stlth  ++........               (no ring)
                                (no ring)

@: not resistant to hostile enchantments, unstealthy
A: no striking features
a: no special abilities


You were on level 4 of the Dungeon.
You were hungry.

You visited 1 branch of the dungeon, and saw 4 of its levels.

You collected 96 gold pieces.
You spent 93 gold pieces at shops.

Inventory:

Hand Weapons
 k - a +1 hunting sling of flaming (weapon)
Missiles
 h - 183 stones (quivered)
Armour
 a - a +0 robe
 d - a +0 helmet (worn)
 f - a cursed +0 buckler (worn)
 j - a +0 pair of gloves (worn)
 n - a +0 leather armour (worn)
Scrolls
 e - a scroll of magic mapping
 g - 2 scrolls of fog {unknown}
 m - 2 scrolls of recharging
 p - 2 scrolls of blinking {unknown}
 s - 3 scrolls of identify {unknown}
 u - 2 scrolls of enchant weapon {unknown}
 v - a scroll of remove curse
 x - a scroll of teleportation
Potions
 i - 2 potions of might {unknown}
 l - 2 potions of heal wounds {unknown}
 r - a potion of ambrosia {unknown}
 t - a potion of magic {unknown}
 w - 2 potions of flight {unknown}
 z - a potion of lignification {unknown}
Books
 b - a book of Conjurations

   Spells                             Type                      Level
   a - Magic Dart                     Conjuration                  1
   b - Searing Ray                    Conjuration                  2
   c - Dazzling Spray                 Conjuration/Hexes            3
   d - Fulminant Prism                Conjuration/Hexes            4
   e - Iskenderun's Mystic Blast      Conjuration                  4
   f - Iskenderun's Battlesphere      Conjuration/Charms           5
Comestibles
 c - 3 bread rations
 o - a slice of pizza
 q - a beef jerky


   Skills:
 - Level 2.6 Dodging
 - Level 2.5 Stealth
 - Level 5.0 Spellcasting
 + Level 7.0 Conjurations


You had 13 spell levels left.
You knew the following spells:

 Your Spells              Type           Power        Failure   Level  Hunger
a - Magic Dart            Conj           ####         1%          1    None


Dungeon Overview and Level Annotations

Branches:
Dungeon (4/15)
 Temple: D:4-7

Altars:
Fedhas
Makhleb

Shops:
D:4 [(*

Annotations:
D:4 Zebura's ghost, amateur VSAs


Message History

Aim: an orc priest, wielding a morningstar The magic dart hits the orc priest.
The orc priest is lightly wounded.
The orc priest hits you with a morningstar.
Casting: Magic Dart
Confirm with . or Enter, or press ? or * to list all spells.
You don't have enough magic to cast that spell.
Unknown command.
Things that are here:
a dagger; a blue potion
Things that are here:
a mace of holy wrath; an orc corpse
z - a blue potion You see here a dagger.
You see here a dagger.
Things that are here:
a mace of holy wrath; an orc corpse The orc priest mumbles some strange prayers to Beogh against you.
Something smites you!
You die...

**,*###..#....#.# #........,,****
,,>***#..####...# #........o,*,,,
,,,+,#..,#.%...####........o,,,**
,,,*,###*#.#.#'#............,,***
,,,*,,,,...#.'∩'.#..........*>,,,
,,,****#####.#'###).........*,***
,,,* #...............#*,* ,,,*
#####.##........#*** ,,,*
#@##...?....# ,,,* #))o..#######
,,,* ####### ****


You could see an orc priest.

Vanquished Creatures
  A scorpion (D:4)
  2 worker ants
  An orc priest (D:4)
  Robin (D:2)
  5 adders
  An ooze (D:3)
  A worm (D:2)
  3 giant geckos
  3 orcs (D:4)
  2 ball pythons (D:1)
  3 giant cockroaches (D:3)
  14 goblins
  7 hobgoblins
  7 jackals (D:1)
  5 kobolds
  A quokka (D:3)
  3 bats
  2 giant newts
  7 rats
69 creatures vanquished.

Notes
Turn   | Place    | Note
--------------------------------------------------------------
     0 | D:1      | tp1 the Deep Elf Conjurer began the quest for the Orb.
     0 | D:1      | Reached XP level 1. HP: 10/10 MP: 6/6
   405 | D:1      | Reached XP level 2. HP: 15/15 MP: 6/8
  1537 | D:2      | Reached XP level 3. HP: 19/19 MP: 2/10
  1601 | D:2      | Noticed Robin
  1608 | D:2      | Killed Robin
  1721 | D:2      | Reached skill level 5 in Spellcasting
  1837 | D:2      | Upgraded the game from 0.17-a0-2055-gb4e23be to 0.17-a0-2064-g265a032
  2865 | D:3      | Found a blossoming altar of Fedhas.
  2943 | D:3      | Reached skill level 5 in Conjurations
  2943 | D:3      | Reached XP level 4. HP: 24/24 MP: 8/13
  3208 | D:3      | Reached skill level 6 in Conjurations
  3208 | D:3      | Reached XP level 5. HP: 16/28 MP: 0/14
  3451 | D:3      | Found a blossoming altar of Fedhas.
  3680 | D:4      | Noticed Zebura's ghost (amateur VSAs)
  3737 | D:4      | Found Padghuipn's Antique Weapon Shoppe.
  3743 | D:4      | Found Watsan's Assorted Antiques.
  3755 | D:4      | Bought a scroll labeled VIANIU SUDDIT for 25 gold pieces
  3755 | D:4      | Bought a scroll labeled NAUPSOJ HUFY for 25 gold pieces
  3755 | D:4      | Bought a fizzy coppery potion for 22 gold pieces
  3947 | D:4      | Found a burning altar of Makhleb.
  4051 | D:4      | Found Etwururr's Armour Boutique.
  4071 | D:4      | Bought a cursed +0 buckler for 21 gold pieces
  4111 | D:4      | Reached skill level 7 in Conjurations
  4126 | D:4      | Killed from afar by an orc priest

Vault maps used:
D:1:      eino_arrival_water_cross
D:2:      first_bread, grunt_ministairs_4, uniq_robin
D:3:      fedhas_altar_1, gup_sewer_entry_glass
D:4:      nicolae_overflow_crystal_walls, gammafunk_temple_overflow_wave,
          serial_shops, shop, nicolae_shop_crystal, shop,
          nicolae_shop_behind_doors

Action                   |  1- 3 |  4- 6 || total
-------------------------+-------+-------++-------
Melee: Unarmed           |     1 |       ||     1
 Cast: Magic Dart        |    84 |    75 ||   159
  Use: Scroll            |     1 |     3 ||     4
  Eat: Chunk             |     5 |     2 ||     7
       Pizza             |       |     1 ||     1
